 Dungeon Crawl Stone Soup version 0.29.1-2-gbd0b4ee654 (webtiles) character file.

Game seed: 12443536780742205689

982 qeuew the Conjurer (level 7, -2/36 HPs)
             Began as a Deep Elf Conjurer on Nov 15, 2022.
             Slain by a troll (9 damage)
             ... on level 6 of the Dungeon.
             The game lasted 00:06:39 (5611 turns).

qeuew the Conjurer (Deep Elf Conjurer)              Turns: 5611, Time: 00:06:39

Health: -2/36      AC:  9    Str:  4    XL:     7   Next: 96%
Magic:  7/17       EV: 14    Int: 23    God:
Gold:   283        SH:  0    Dex: 18    Spells: 10/17 levels left

rFire   . . .      SeeInvis +   i - staff of conjuration
rCold   . . .      Faith    .   (no shield)
rNeg    . . .      Spirit   .   l - +5 robe of the Eternal Fruit {Dex+3}
rPois   .          Reflect  .   (no helmet)
rElec   .          Harm     .   (no cloak)
rCorr   .          Rampage  .   h - +1 pair of gloves
Will    .....                   (no boots)
Stlth   +++.......              (no amulet)
HPRegen 0.12/turn               e - ring of see invisible
MPRegen 0.15/turn               (no ring)

@: no status effects
A: no striking features
a: no special abilities


You were on level 6 of the Dungeon.
You visited 1 branch of the dungeon, and saw 6 of its levels.

You collected 283 gold pieces.

Inventory:

Missiles
 a - 2 throwing nets
Armour
 h - a +1 pair of gloves (worn)
 l - the +5 robe of the Eternal Fruit (worn) {Dex+3}
   (You found it on level 4 of the Dungeon)

   Dex:       It affects your dexterity (+3).
Magical Staves
 i - a staff of conjuration (weapon)
Jewellery
 e - a ring of see invisible (left hand)
 m - a +6 ring of intelligence
Wands
 n - a wand of roots (12)
Scrolls
 b - a scroll of butterflies
 d - a scroll of brand weapon
 j - 4 scrolls of enchant armour
 o - 3 scrolls of blinking
Potions
 c - a potion of cancellation
 f - 3 potions of might
 g - a potion of invisibility
 k - 3 potions of curing
 p - a potion of flight


   Skills:
 - Level 1.2 Short Blades
 + Level 2.7 Staves
 + Level 2.5 Armour
 + Level 4.9 Dodging
 + Level 5.1 Stealth
 + Level 5.6 Spellcasting
 + Level 5.8 Conjurations
 + Level 2.8 Evocations


You had 10 spell levels left.
You knew the following spells:

 Your Spells              Type           Power      Damage    Failure   Level
a - Magic Dart            Conj           100%       1d8       1%          1
b - Searing Ray           Conj           100%       2d8       1%          2
c - Iskenderun's Mystic   Conj/Tloc      29%        2d7       26%         4

Your spell library contained the following spells:

 Spells                   Type           Power      Damage    Failure   Level
 Dazzling Flash           Conj/Hex       58%        N/A       8%          3
 Sting                    Tmut/Pois      24%        1d4       9%          1
 Poisonous Vapours        Pois/Air       12%        N/A       14%         2
 Gell's Gravitas          Tloc           6%         N/A       26%         3
 Lesser Beckoning         Tloc           6%         N/A       26%         3
 Portal Projectile        Hex/Tloc       12%        N/A       26%         3
 Teleport Other           Tloc           6%         N/A       26%         3
 Tukima's Dance           Hex            6%         N/A       26%         3
 Fulminant Prism          Conj/Hex       14%        3d9       26%         4
 Olgreb's Toxic Radiance  Pois           6%         N/A       65%         4
 Blade Hands              Tmut           3%         N/A       94%         5
 Borgnjor's Revivificati  Necr           3%         N/A       100%        8
 Necromutation            Tmut/Necr      3%         N/A       100%        8
 Death's Door             Necr           3%         N/A       100%        9


Dungeon Overview and Level Annotations

Branches:
Dungeon (6/15)
 Temple: D:4-7

Altars:
Dithmenos
Elyvilon
Qazlal
Trog
Uskayaw
Xom


Message History

The ice beast is moderately wounded.
The ice beast hits you. The ice beast freezes you!
You feel a surge of power!
The magic dart hits the ice beast but does no damage.
The ice beast is moderately wounded.
The ice beast barely misses you.
You feel a surge of power!
The magic dart hits the ice beast but does no damage.
The ice beast is moderately wounded.
The ice beast barely misses you.
You feel a surge of power!
The magic dart hits the ice beast.
The ice beast is moderately wounded.
The ice beast barely misses you.
A troll comes into view.
You feel a surge of power!
The magic dart hits the ice beast.
The ice beast is moderately wounded.
The troll shouts!
The ice beast hits you but does no damage.
You feel a surge of power!
The magic dart hits the ice beast.
The ice beast is heavily wounded.
The ice beast misses you.
You feel a surge of power!
The magic dart hits the ice beast but does no damage.
The ice beast is heavily wounded.
The ice beast hits you but does no damage.
You feel a surge of power!
The magic dart hits the ice beast but does no damage.
The ice beast is heavily wounded.
The ice beast closely misses you.
You feel a surge of power!
The magic dart hits the ice beast.
The ice beast is heavily wounded.
The ice beast closely misses you.
You feel a surge of power!
The magic dart hits the ice beast!
The ice beast is almost dead.
The ice beast misses you. The ice beast hits you. The ice beast freezes you!
* * * LOW HITPOINT WARNING * * *
The troll attacks as you move away! The troll barely misses you.
The troll closely misses you. The troll claws you!
You die...

#....# ##....# ..>...###
........## .........##
.......#..##
.......+...####
.......##.....#####.###.
.......###.##.)T@(......
.......# #.#####Y######.
.......# #.# #..#
###.... #.# ##..# #.#
#... #.# #... #.# #...
...


You could see a troll and an ice beast.

Vanquished Creatures
  2 ice beasts (D:6)
  A black bear (D:5)
  2 ogres
  A phantom (D:5)
  A gnoll sergeant (D:4)
  2 hounds
  2 jellies
  An iguana (D:5)
  2 orc wizards (D:5)
  8 gnolls
  5 adders
  An ufetubus (D:6)
  A worm (D:3)
  5 dart slugs
  12 orcs
  6 bats
  6 endoplasms
  A giant cockroach (D:2)
  5 goblins
  6 hobgoblins
  2 jackals (D:2)
  7 kobolds
  9 ball pythons
  3 frilled lizards
  8 rats
99 creatures vanquished.

Notes
Turn   | Place    | Note
-------+----------+-------------------------------------------
     0 | D:1      | qeuew the Deep Elf Conjurer began the quest for the Orb.
     0 | D:1      | Reached XP level 1. HP: 10/10 MP: 6/6
   285 | D:1      | Reached XP level 2. HP: 15/15 MP: 4/8
   288 | D:1      | Learned a level 2 spell: Searing Ray
   906 | D:1      | Found a faded altar of an unknown god.
  1187 | D:2      | Reached XP level 3. HP: 19/19 MP: 5/9
  1263 | D:2      | Reached skill level 1 in Short Blades
  1268 | D:2      | Reached XP level 4. HP: 12/24 MP: 2/11
  1477 | D:2      | Reached skill level 1 in Armour
  1627 | D:2      | You fall into a shaft and drop 2 floors!
  2352 | D:3      | Learned a level 4 spell: Iskenderun's Mystic Blast
  2728 | D:3      | Found a shimmering altar of Xom.
  2764 | D:3      | Found a stormy altar of Qazlal.
  2876 | D:4      | Reached XP level 5. HP: 28/28 MP: 8/13
  2914 | D:4      | Found a white marble altar of Elyvilon.
  2914 | D:4      | Found a bloodstained altar of Trog.
  2915 | D:4      | Found a shadowy altar of Dithmenos.
  2919 | D:4      | Found a hide-covered altar of Uskayaw.
  3215 | D:4      | Identified the +5 robe of the Eternal Fruit {Dex+3}
  3509 | D:4      | Reached skill level 5 in Conjurations
  3967 | D:4      | Reached skill level 1 in Staves
  3967 | D:4      | Reached skill level 1 in Evocations
  3967 | D:4      | Reached XP level 6. HP: 27/32 MP: 4/14
  4130 | D:5      | Entered Level 5 of the Dungeon
  4599 | D:5      | Reached skill level 5 in Spellcasting
  4733 | D:5      | Reached XP level 7. HP: 33/36 MP: 9/16
  5502 | D:6      | Reached skill level 5 in Stealth
  5603 | D:6      | Noticed a troll
  5611 | D:6      | Slain by a troll

Illustrated notes

Levels and vault maps discovered:
D:1:      psy_arrival_basics, layout_basic, shapermc_ecumenical_altar_hornbeckon
D:2:      layout_loops_ring, minmay_pentomino_o2
D:3:      layout_rooms, overflow_temple_1_default, mainiacjoe_overflow_catwalk,
          columned_hall_lemuel
D:4:      layout_loops_ring, minitemple, lightli_minifort
D:5:      layout_basic
D:6:      minmay_evil_eye, layout_basic, minmay_temple_entry_gardened_gates,
          roderic_batcave, dreamdust_wishing_well,
          chequers_serial_rivers_large_a, uniq_sigmund

Skill      XL: |  1  2  3  4  5  6  7 |
---------------+----------------------+-----
Stealth        | 3 4 5 |  5.1
Dodging        | 3 4 |  4.9
Short Blades   | 1 |  1.2
Armour         | 1 2 |  2.5
Spellcasting   | 4 5 |  5.6
Conjurations   | 5 |  5.8
Staves         | 1 2 |  2.7
Evocations     | 1 2 |  2.8

Action                   |  1- 3 |  4- 6 |  7- 9 || total
-------------------------+-------+-------+-------++-------
Melee: Staff             |       |     4 |    14 ||    18
 Cast: Magic Dart        |    53 |   131 |    54 ||   238
       Searing Ray       |     2 |     3 |     1 ||     6
  Use: Potion            |     4 |     2 |     2 ||     8
       Scroll            |     3 |     9 |       ||    12
Armor: Robe              |     2 |     6 |    14 ||    22
Dodge: Dodged            |    12 |    14 |    26 ||    52
